 Dungeon Crawl Stone Soup version 0.17-a0-1842-gacc33f2 (webtiles) character file.

343 shakdrar the Magician (level 6, -2/32 HPs)
             Began as a Deep Elf Fire Elementalist on Sept 17, 2015.
             Slain by Pikel
             ... wielding a +1 whip of freezing
              (4 damage)
             ... on level 4 of the Dungeon.
             The game lasted 00:29:19 (4529 turns).

shakdrar the Magician (Deep Elf Fire Elementalist)  Turns: 4529, Time: 00:29:20

Health: -2/32      AC:  5    Str:  7    XL:     6   Next: 31%
Magic:  9/17       EV: 13    Int: 20    God:
Gold:   177        SH:  0    Dex: 15    Spells: 4 memorised, 9 levels left

rFire  + . .     SeeInvis .     E - +1 dagger (venom)
rCold  . . .     Clarity  .     a - +0 robe
rNeg   . . .     SustAt   .     (no shield)
rPois  .         Gourm    .     (no helmet)
rElec  .         Spirit   .     C - +2 cloak
rCorr  .         Warding  .     (no gloves)
rMut   .         Stasis   .     (no boots)
MR     .....                    (no amulet)
Stlth  ++........               t - ring of protection from cold
                                l - ring of fire

@: not resistant to hostile enchantments, unstealthy
A: no striking features
a: no special abilities


You were on level 4 of the Dungeon.
You were not hungry.

You visited 1 branch of the dungeon, and saw 4 of its levels.

You collected 177 gold pieces.

Inventory:

Hand weapons
 B - a +3 quarterstaff of chaos
 E - a +1 dagger of venom (weapon)
Missiles
 o - 13 curare-tipped needles
Armour
 a - a +0 robe (worn)
 C - a +2 cloak (worn)
Jewellery
 l - a ring of fire (left hand)
 t - a ring of protection from cold (right hand)
 w - an uncursed amulet of faith
Magical devices
 v - a wand of magic darts (27)
 A - a wand of slowing (25)
Scrolls
 d - a scroll of immolation {unknown}
 i - a scroll of enchant weapon {unknown}
 q - 2 scrolls of teleportation {unknown}
 r - a scroll of fear {unknown}
 y - a scroll of recharging {unknown}
 F - 3 scrolls of identify {unknown}
 H - a scroll of blinking {unknown}
Potions
 e - 2 potions of curing {unknown}
 f - a potion of haste {unknown}
 g - a potion of degeneration {unknown}
 j - a potion of heal wounds {unknown}
 m - 4 potions of agility
 s - a potion of invisibility {unknown}
 u - a potion of resistance {unknown}
 x - a potion of lignification {unknown}
 D - a potion of ambrosia {unknown}
Books
 b - a book of Flames

   Spells                             Type                      Level
   a - Flame Tongue                   Conjuration/Fire             1
   b - Throw Flame                    Conjuration/Fire             2
   c - Conjure Flame                  Conjuration/Fire             3
   d - Inner Flame                    Hexes/Fire                   3
   e - Sticky Flame                   Conjuration/Fire             4
   f - Fireball                       Conjuration/Fire             5
 p - a book of Geomancy

   Spells                             Type                      Level
   a - Sandblast                      Earth                        1
   b - Stoneskin                      Transmutation/Earth          2
   c - Passwall                       Transmutation/Earth          3
   d - Stone Arrow                    Conjuration/Earth            3
   e - Petrify                        Transmutation/Earth          4
   f - Lee's Rapid Deconstruction     Earth                        5
 I - a book of the Earth

   Spells                             Type                      Level
   a - Leda's Liquefaction            Hexes/Earth                  4
   b - Bolt of Magma                  Conjuration/Fire/Earth       5
   c - Statue Form                    Transmutation/Earth          6
   d - Iron Shot                      Conjuration/Earth            6
   e - Shatter                        Earth                        9
Comestibles
 c - 3 bread rations
 h - 2 slices of pizza
 k - 3 meat rations
 n - 2 fruits
 z - 3 beef jerkies
 G - 2 chunks of flesh


   Skills:
 - Level 2.4 Dodging
 - Level 2.4 Stealth
 * Level 6.9 Spellcasting
 + Level 3.5 Conjurations
 + Level 4.5 Fire Magic


You had 9 spell levels left.
You knew the following spells:

 Your Spells              Type           Power        Failure   Level  Hunger
a - Flame Tongue          Conj/Fire      ####.        1%          1    None
b - Throw Flame           Conj/Fire      ####..       2%          2    None
c - Conjure Flame         Conj/Fire      ####....     8%          3    #......
d - Inner Flame           Hex/Fire       ###.....     12%         3    #......


Dungeon Overview and Level Annotations

Branches:
Dungeon (4/15)
 Temple: D:4-7

Altars:
Cheibriados
Elyvilon
Qazlal

Annotations:
D:4 Pikel


Message History

Casting: Flame Tongue
Confirm with . or Enter, or press ? or * to list all spells.
Aiming: Flame Tongue
Press: ? - help, Shift-Dir - straight line, f/p - Pikel
Aim: Pikel, wielding a whip of freezing and wearing a robe (heavily wounded)
You feel a surge of power!
The flame tongue hits Pikel.
Pikel is severely wounded.
The slave hits you. x2
Pikel barely misses you.
Casting: Flame Tongue
Confirm with . or Enter, or press ? or * to list all spells.
Aiming: Flame Tongue
Press: ? - help, Shift-Dir - straight line, f/p - Pikel
Aim: Pikel, wielding a whip of freezing and wearing a robe (severely wounded)
You feel a surge of power!
The flame tongue hits Pikel.
Pikel is severely wounded.
The slave misses you. The slave hits you!
* * * LOW HITPOINT WARNING * * *
Something unseen opens the door.
Pikel hits you with a whip of freezing.
You die...

.... #.....+ +.....#
#+####+#.....# ..
#.#..........# .. .
+.'..........+ $.
..##+##+#..........######.#
..........#'###'#p......#.##
..........+.....@Kp.....'..+
##........#######p......#'##
.###+##'#######...#+##.....#
..............+...#..#.....#
..............#...#..'.....#
.##...........#...+..#.....+
.##'###########...#..#.....#
.##..## ....#..#.......
.#....# +..+........


You could see Pikel and 3 slaves.

Vanquished Creatures
  3 orc wizards (D:3)
  Crazy Yiuf (D:3)
  Jessica (D:3)
  2 worker ants
  3 gnolls (D:2)
  4 adders (D:2)
  3 worms
  A giant gecko (D:2)
  11 orcs
  9 goblins
  8 hobgoblins
  10 jackals
  8 bats
  5 giant cockroaches
  4 giant newts
  9 kobolds
  7 rats
89 creatures vanquished.

Vanquished Creatures (others)
  2 orcs (D:3)
  2 bats (D:3)
  2 jackals (D:3)
6 creatures vanquished.

Grand Total: 95 creatures vanquished

Notes
Turn   | Place    | Note
--------------------------------------------------------------
     0 | D:1      | shakdrar the Deep Elf Fire Elementalist began the quest for the Orb.
     0 | D:1      | Reached XP level 1. HP: 10/10 MP: 6/6
   445 | D:1      | Reached XP level 2. HP: 15/15 MP: 6/8
  1137 | D:1      | Reached skill level 4 in Spellcasting
  1149 | D:1      | Learned a level 2 spell: Throw Flame
  1258 | D:2      | Reached XP level 3. HP: 12/19 MP: 6/10
  2287 | D:2      | Found a stormy altar of Qazlal.
  2337 | D:2      | Learned a level 3 spell: Conjure Flame
  2341 | D:2      | Learned a level 3 spell: Inner Flame
  2407 | D:2      | Reached XP level 4. HP: 24/24 MP: 2/12
  2409 | D:2      | Reached skill level 5 in Spellcasting
  3044 | D:3      | Noticed Crazy Yiuf
  3056 | D:3      | Killed Crazy Yiuf
  3056 | D:3      | Reached XP level 5. HP: 10/28 MP: 2/15
  3473 | D:3      | Reached skill level 6 in Spellcasting
  3705 | D:3      | Found a white marble altar of Elyvilon.
  3731 | D:3      | Noticed Jessica
  3736 | D:3      | Killed Jessica
  3808 | D:3      | Found a snail-covered altar of Cheibriados.
  3845 | D:3      | Reached XP level 6. HP: 27/32 MP: 0/17
  4512 | D:4      | Noticed Pikel
  4529 | D:4      | Slain by Pikel

Vault maps used:
D:1:      eino_arrival_druids_welcome
D:2:      nicolae_qazlal_eye_of_the_storm, first_bread,
          small_statue_intersection
D:3:      old_standard_altar, elyvilon_altar_4, uniq_jessica,
          uniq_crazy_yiuf_cottage
D:4:      lemuel_crystal_altar, uniq_pikel

Action                   |  1- 3 |  4- 6 || total
-------------------------+-------+-------++-------
 Cast: Flame Tongue      |    75 |    83 ||   158
       Conjure Flame     |     1 |     4 ||     5
       Inner Flame       |     1 |     4 ||     5
       Throw Flame       |       |    22 ||    22
  Use: Potion            |       |     1 ||     1
  Eat: Chunk             |     4 |     7 ||    11
